[Event "ICC tourney 1934 (60 10)"]
[Site "Internet Chess Club"]
[Date "2020.07.25"]
[Round "2"]
[White "chessmaster0981"]
[Black "hursha6b5"]
[Result "0-1"]
[ICCResult "White resigns"]
[WhiteElo "1308"]
[BlackElo "1390"]
[Opening "Queen's pawn game"]
[ECO "D04"]
[NIC "QP.08"]
[Time "14:00:52"]
[TimeControl "3600+10"]

1. d4 d5 2. Nf3 Nf6 3. e3 Bf5 4. Bd3 Bxd3 5. cxd3 e6 6. Nc3 Nbd7 7. O-O c6
8. e4 Bb4 9. Re1 O-O 10. Bg5 h6 11. Bh4 Be7 12. Bg3 Nh5 13. Qe2 Nxg3 14.
hxg3 Re8 15. Nd1 Nf6 16. e5 Nh7 17. Rc1 Bb4 18. Rf1 Ng5 19. Ne3 Nxf3+ 20.
gxf3 Qb6 21. Nc2 Rac8 22. a3 Be7 23. b4 a5 24. bxa5 Qxa5 25. Ra1 Ra8 26. Ra2
Ra6 27. Rfa1 Rea8 28. Nb4 Bxb4 29. axb4 Qxb4 30. Rxa6 Rxa6 31. Rxa6 bxa6 32.
Qa2 a5 33. f4 a4 34. Kg2 a3 35. Qc2 Qxd4 36. Qb3 Qb2 {White resigns} 0-1

[Event "ICC tourney 1934 (60 10)"]
[Site "Internet Chess Club"]
[Date "2020.07.25"]
[Round "2"]
[White "winner08"]
[Black "imranchamp"]
[Result "1-0"]
[ICCResult "Black checkmated"]
[WhiteElo "1650"]
[BlackElo "1472"]
[Opening "Sicilian: Nimzovich-Rossolimo attack (with ...g6, without ...d6)"]
[ECO "B31"]
[NIC "SI.31"]
[Time "14:01:16"]
[TimeControl "3600+10"]

1. e4 c5 2. Nf3 Nc6 3. Bb5 g6 4. O-O Bg7 5. c3 Nh6 6. d4 cxd4 7. cxd4 Kf8 8.
Nc3 a6 9. Ba4 d6 10. h3 Bd7 11. Be3 f6 12. Bb3 Na5 13. Bc2 e6 14. Qc1 Nf7
15. Re1 Ke7 16. e5 Re8 17. exd6+ Nxd6 18. d5 Kf7 19. Bc5 Nc8 20. b4 b6 21.
bxa5 bxc5 22. dxe6+ Bxe6 23. Rxe6 Kxe6 24. Bb3+ Ke7 25. Qe3+ Kd7 26. Rd1+
Nd6 27. Ba4+ Kc7 28. Bxe8 Qxe8 29. Qxc5+ Qc6 30. Nd5+ Kb7 31. Rb1+ Nb5 32.
Qe7+ Kb8 33. Qxg7 Qxd5 34. a4 Qa2 35. Rd1 Qxa4 36. Rd8# {Black checkmated}
1-0

[Event "ICC tourney 1934 (60 10)"]
[Site "Internet Chess Club"]
[Date "2020.07.25"]
[Round "2"]
[White "avats"]
[Black "geowhiz27"]
[Result "0-1"]
[ICCResult "White resigns"]
[WhiteElo "1341"]
[BlackElo "1204"]
[Opening "French defense"]
[ECO "C11"]
[NIC "FR.04"]
[Time "14:00:49"]
[TimeControl "3600+10"]

1. e4 e6 2. d4 d5 3. Nc3 Nf6 4. exd5 exd5 5. Nf3 Bd6 6. Bd2 Bf5 7. Be2 O-O
8. O-O c6 9. Be3 Nbd7 10. Bd3 Bxd3 11. Qxd3 Qc7 12. Ne2 Rae8 13. h3 Ne4 14.
Nd2 f5 15. Nxe4 fxe4 16. Qd2 Re6 17. c3 Rg6 18. Rac1 Qd8 19. Bf4 Bxf4 20.
Nxf4 Qg5 21. g3 Qxf4 22. Qxf4 Rxf4 23. Kh2 {White resigns} 0-1

[Event "ICC tourney 1934 (60 10)"]
[Site "Internet Chess Club"]
[Date "2020.07.25"]
[Round "2"]
[White "JunlinTheWorld"]
[Black "chessisthebest1"]
[Result "1-0"]
[ICCResult "Black resigns"]
[WhiteElo "1695"]
[BlackElo "1521"]
[Opening "Sicilian: Najdorf, Byrne (English) attack"]
[ECO "B90"]
[NIC "SI.14"]
[Time "14:10:09"]
[TimeControl "3600+10"]

1. e4 c5 2. Nf3 d6 3. d4 cxd4 4. Nxd4 Nf6 5. Nc3 a6 6. Be3 e5 7. Nb3 Be6 8.
Qd2 h5 9. Be2 Nbd7 10. O-O-O b5 11. Kb1 Be7 12. f4 Nb6 13. fxe5 dxe5 14.
Qxd8+ Bxd8 15. Rxd8+ Rxd8 16. Bxb6 Rc8 17. Rd1 Bg4 18. Bf3 O-O 19. Nd5 Rfe8
20. Nxf6+ gxf6 21. Rd5 Rc6 22. Bf2 Rcc8 23. Nc5 Red8 24. Bxg4 Rxd5 25. exd5
hxg4 26. d6 Rd8 27. d7 a5 28. Be1 b4 29. a3 f5 30. Bh4 {Black resigns} 1-0

[Event "ICC tourney 1934 (60 10)"]
[Site "Internet Chess Club"]
[Date "2020.07.25"]
[Round "2"]
[White "Knightboy123"]
[Black "AboardBuffalo"]
[Result "0-1"]
[ICCResult "White checkmated"]
[WhiteElo "1407"]
[BlackElo "1589"]
[Opening "Ruy Lopez: 5.O-O"]
[ECO "C78"]
[NIC "RL.12"]
[Time "14:01:31"]
[TimeControl "3600+10"]

1. e4 e5 2. Nf3 Nc6 3. Bb5 a6 4. Ba4 Nf6 5. O-O b5 6. Bb3 Bc5 7. c3 d6 8. h3
Bb7 9. d3 h6 10. Re1 O-O 11. Nbd2 Qd7 12. Nf1 Rfe8 13. Ng3 d5 14. Qe2 dxe4
15. dxe4 Rad8 16. Nh4 Ne7 17. Qf3 Qc6 18. Bc2 g5 19. Nhf5 Nxf5 20. Nxf5 Kh7
21. Be3 Bxe3 22. Nxe3 Rd2 23. Nd5 Kg7 24. Nxf6 Qxf6 25. Qxf6+ Kxf6 26. Rac1
c5 27. Kf1 Red8 28. f3 Bc8 29. Red1 Rxc2 30. Rxc2 Rxd1+ 31. Ke2 Rd6 32. Rd2
Ke7 33. Rxd6 Kxd6 34. g4 a5 35. Kd3 c4+ 36. Ke3 b4 37. Kd2 Kc5 38. Kc2 Bd7
39. Kd2 Ba4 40. Kc1 Bc6 41. Kc2 Kb5 42. Kc1 Ka4 43. Kc2 bxc3 44. Kxc3 Bb5
45. a3 Ba6 46. Kc2 c3 47. Kxc3 Be2 48. b4 axb4+ 49. axb4 Bxf3 50. Kc4 Bxe4
51. b5 Bb7 52. Kc5 Ka5 53. Kd6 e4 54. Ke7 e3 55. Kxf7 e2 56. Kg6 e1=Q 57.
Kxh6 Qh4+ 58. Kg6 Be4+ 59. Kf6 Qh6+ 60. Ke5 Qxh3 61. b6 Qxg4 62. b7 Bxb7 63.
Kf6 Qf4+ 64. Kg7 Qd6 65. Kf7 Bd5+ 66. Kg7 Qe6 67. Kh7 Qg8+ 68. Kh6 g4 69.
Kh5 g3 70. Kh4 g2 71. Kh3 g1=R 72. Kh4 Qg4# {White checkmated} 0-1

[Event "ICC tourney 1934 (60 10)"]
[Site "Internet Chess Club"]
[Date "2020.07.25"]
[Round "2"]
[White "TeeKay2020"]
[Black "QueenHM"]
[Result "1/2-1/2"]
[ICCResult "Game drawn by repetition"]
[WhiteElo "1468"]
[BlackElo "1330"]
[Opening "Pirc: classical system, 5.Be2"]
[ECO "B08"]
[NIC "PU.03"]
[Time "14:00:52"]
[TimeControl "3600+10"]

1. e4 d6 2. d4 Nf6 3. Nc3 g6 4. Nf3 Bg7 5. Be2 O-O 6. O-O c5 7. h3 cxd4 8.
Nxd4 Nc6 9. Be3 Bd7 10. Qd2 a6 11. a4 Rc8 12. Rfd1 Ne5 13. Bh6 Nc4 14. Bxc4
Rxc4 15. Bxg7 Kxg7 16. Qe2 Qc7 17. Nf3 b5 18. axb5 Bxb5 19. Qe3 Qc5 20. Qxc5
Rxc5 21. Nxb5 axb5 22. c3 Rb8 23. Re1 b4 24. Ra7 bxc3 25. bxc3 e6 26. e5
dxe5 27. Ng5 Kg8 28. Nxf7 Rxc3 29. Nxe5 Rb2 30. Ng4 Nxg4 31. hxg4 Rcc2 32.
Rxe6 Rxf2 33. Re8+ Rf8 34. Rxf8+ Kxf8 35. Rxh7 Rb4 36. Kf2 Rxg4 37. Rh3 Kf7
38. Rf3+ Ke7 39. g3 Ra4 40. Rf4 Ra2+ 41. Kf3 Ra1 42. Kg4 Ra6 43. Kg5 Rc6 44.
Re4+ Kf7 45. Rf4+ Ke7 46. Re4+ Kf7 47. Rf4+ Ke7 48. Re4+ Kf7 49. Rf4+ Ke7
{Game drawn by repetition}
1/2-1/2

[Event "ICC tourney 1934 (60 10)"]
[Site "Internet Chess Club"]
[Date "2020.07.25"]
[Round "2"]
[White "Ajitesh20091"]
[Black "AkshatSuresh"]
[Result "1-0"]
[ICCResult "Black checkmated"]
[WhiteElo "1442"]
[BlackElo "1576"]
[Opening "Sicilian: Taimanov variation"]
[ECO "B46"]
[NIC "SI.41"]
[Time "14:01:06"]
[TimeControl "3600+10"]

1. e4 c5 2. Nf3 e6 3. d4 cxd4 4. Nxd4 a6 5. Nc3 Nc6 6. a3 Qc7 7. Be3 Nf6 8.
Be2 Be7 9. Qd2 d6 10. O-O-O Bd7 11. f4 Rc8 12. Kb1 O-O 13. g4 Nxd4 14. Bxd4
e5 15. Bf2 Nxg4 16. Nd5 Qd8 17. Bb6 Qe8 18. Nxe7+ Qxe7 19. Qxd6 Qxd6 20.
Rxd6 Nf6 21. fxe5 Bg4 22. Bxg4 Nxg4 23. Bd4 Rfe8 24. e6 Rxe6 25. Rxe6 fxe6
26. Rg1 Rc4 27. c3 e5 28. b3 Rc6 29. Rxg4 exd4 30. cxd4 Rc3 31. Rg3 Rxg3 32.
hxg3 g5 33. Kc2 h5 34. Kd3 Kf7 35. e5 Ke6 36. Ke4 b5 37. d5+ Ke7 38. Kf5 h4
39. gxh4 g4 40. Kxg4 Kd7 41. e6+ Kc7 42. e7 Kd7 43. d6 Ke8 44. Kf5 Kd7 45.
Kf6 Ke8 46. Ke6 b4 47. d7# {Black checkmated} 1-0

[Event "ICC tourney 1934 (60 10)"]
[Site "Internet Chess Club"]
[Date "2020.07.25"]
[Round "2"]
[White "SparkyNinja"]
[Black "karuto2006"]
[Result "1-0"]
[ICCResult "Black checkmated"]
[WhiteElo "1497"]
[BlackElo "1333"]
[Opening "Ruy Lopez: closed, Breyer, Borisenko variation"]
[ECO "C95"]
[NIC "RL.25"]
[Time "14:00:43"]
[TimeControl "3600+10"]

1. e4 e5 2. Nf3 Nc6 3. Bb5 a6 4. Ba4 Nf6 5. O-O Be7 6. Re1 b5 7. Bb3 O-O 8.
c3 d6 9. h3 Nb8 10. d4 Nbd7 11. Nbd2 c5 12. d5 Re8 13. Nf1 c4 14. Bc2 Bf8
15. Ng3 Nc5 16. Bg5 g6 17. a4 Bb7 18. axb5 axb5 19. Rxa8 Bxa8 20. Nh2 h6 21.
Be3 Bg7 22. h4 Ncd7 23. h5 Nxh5 24. Nxh5 gxh5 25. Qxh5 Nf6 26. Qh3 Kh7 27.
Ng4 Nxg4 28. Qxg4 Bb7 29. Qf5+ Kg8 30. Qg4 Bc8 31. Qg3 Qf6 32. f4 Qg6 33.
Qh2 h5 34. f5 Qg4 35. Bd2 h4 36. Bd1 Qg3 37. Qxg3 hxg3 38. Re3 Bd7 39. Rxg3
Kf8 40. Bg5 f6 41. Be3 Ra8 42. Rf3 Ra1 43. Rf1 Rb1 44. Bh5 Rxb2 45. Ra1 Ke7
46. Ra8 Rb1+ 47. Kh2 Re1 48. Bb6 Bc6 49. dxc6 d5 50. Bc5# {Black checkmated}
1-0

[Event "ICC tourney 1934 (60 10)"]
[Site "Internet Chess Club"]
[Date "2020.07.25"]
[Round "2"]
[White "combusken1123"]
[Black "pawnpush202044"]
[Result "0-1"]
[ICCResult "White resigns"]
[WhiteElo "1483"]
[BlackElo "1521"]
[Opening "Sicilian: Najdorf, 7...Be7 main line"]
[ECO "B99"]
[NIC "SI.09"]
[Time "14:00:58"]
[TimeControl "3600+10"]

1. e4 c5 2. Nf3 d6 3. d4 cxd4 4. Nxd4 Nf6 5. Nc3 a6 6. Bg5 e6 7. f4 Be7 8.
Qf3 Qc7 9. O-O-O Nbd7 10. g4 b5 11. Bxf6 Nxf6 12. g5 Nd7 13. f5 Bxg5+ 14.
Kb1 Ne5 15. Qh5 Qd8 16. Nxe6 Bxe6 17. fxe6 O-O 18. Nd5 fxe6 19. h4 Bh6 20.
Rg1 Kh8 21. Nc3 Nf3 22. Rh1 Nd2+ 23. Ka1 b4 24. Na4 Nxe4 25. Rg1 Nf6 26. Qe2
Qa5 27. b3 Nd5 28. Qxe6 Rae8 29. Qxd6 Ne3 30. Rc1 Nf5 31. Qd7 Bxc1 32. Bd3
Qe5+ 33. Kb1 Bh6 34. Nb6 Rd8 35. Qb7 Qd4 {White resigns} 0-1

[Event "ICC tourney 1934 (60 10)"]
[Site "Internet Chess Club"]
[Date "2020.07.25"]
[Round "2"]
[White "Roger436"]
[Black "KyleZhuang"]
[Result "1-0"]
[ICCResult "Black checkmated"]
[WhiteElo "1360"]
[BlackElo "1355"]
[Opening "Sicilian: dragon, Yugoslav attack, 7...O-O"]
[ECO "B76"]
[NIC "SI.17"]
[Time "14:00:59"]
[TimeControl "3600+10"]

1. e4 c5 2. Nf3 d6 3. d4 cxd4 4. Nxd4 Nf6 5. Nc3 g6 6. f3 Bg7 7. Be3 O-O 8.
Qd2 Nc6 9. g4 Rb8 10. h4 Bd7 11. h5 Ne5 12. Bh6 Qb6 13. O-O-O Rbc8 14. Bxg7
Kxg7 15. hxg6 fxg6 16. Qh6+ Kf7 17. g5 Ng8 18. Qxh7+ Ke8 19. f4 Nc6 20.
Qxg6+ Kd8 21. Rh8 Nxd4 22. Rxg8 Rxg8 23. Qxg8+ Be8 24. Qd5 Nc6 25. e5 Nb4
26. Qb3 Qe3+ 27. Kb1 Qxf4 28. exd6 exd6 29. a3 Nc6 30. Nb5 Bf7 31. Qh3 d5
32. Qh8+ Be8 33. Rxd5+ Ke7 34. Qg7+ Bf7 35. Rd1 Rd8 36. Re1+ Kd7 37. Bh3+
Qf5 38. Bxf5# {Black checkmated} 1-0

[Event "ICC tourney 1934 (60 10)"]
[Site "Internet Chess Club"]
[Date "2020.07.25"]
[Round "2"]
[White "saisneha"]
[Black "minitotoro"]
[Result "1-0"]
[ICCResult "Black resigns"]
[WhiteElo "1585"]
[BlackElo "1898"]
[Opening "Grünfeld: modern exchange variation"]
[ECO "D85"]
[NIC "GI.04"]
[Time "14:01:31"]
[TimeControl "3600+10"]

1. d4 Nf6 2. c4 g6 3. Nc3 d5 4. cxd5 Nxd5 5. e4 Nxc3 6. bxc3 Bg7 7. Nf3 c5
8. Be3 Nc6 9. Be2 Bg4 10. e5 Qa5 11. O-O Rd8 12. Rb1 Rd7 13. Qb3 O-O 14.
Rfd1 cxd4 15. cxd4 Be6 16. Bc4 Bxc4 17. Qxc4 Rfd8 18. e6 fxe6 19. Qxe6+ Kh8
20. Ng5 Ne5 21. Qb3 Qd5 22. Qxd5 Rxd5 23. Rxb7 h6 24. Ne6 R8d7 25. Rxd7 Rxd7
26. Rc1 Ng4 27. Rc8+ Kh7 28. h3 Nxe3 29. fxe3 Rb7 30. Rc7 Rxc7 31. Nxc7 Bf6
32. Kf2 g5 33. g4 Kg6 34. Nd5 Kf7 35. Nxf6 exf6 36. Kf3 Kg6 37. d5 f5 38.
gxf5+ Kxf5 39. e4+ Kg6 40. e5 h5 41. d6 Kf7 42. d7 Ke7 43. e6 Kd8 44. Ke4 h4
45. Kf5 {Black resigns} 1-0

[Event "ICC tourney 1934 (60 10)"]
[Site "Internet Chess Club"]
[Date "2020.07.25"]
[Round "2"]
[White "kralj8"]
[Black "Eagle2020"]
[Result "1-0"]
[ICCResult "Black checkmated"]
[WhiteElo "1681"]
[BlackElo "1521"]
[Opening "French: Steinitz, Boleslavsky variation"]
[ECO "C11"]
[NIC "FR.04"]
[Time "14:00:44"]
[TimeControl "3600+10"]

1. e4 e6 2. d4 d5 3. Nc3 Nf6 4. e5 Nfd7 5. f4 c5 6. Nf3 Nc6 7. Be3 Qb6 8. a3
cxd4 9. Nxd4 Bc5 10. Na4 Qa5+ 11. Nc3 Qb6 12. Na4 Qa5+ 13. c3 Nxd4 14. Bxd4
Bxd4 15. Qxd4 Qc7 16. Bd3 a6 17. b4 b5 18. Nb2 Qb6 19. Qxb6 Nxb6 20. a4 Bd7
21. axb5 axb5 22. Rxa8+ Nxa8 23. Kd2 Ke7 24. Ke3 Rc8 25. Kd4 Nb6 26. Ra1 Nc4
27. Bxc4 dxc4 28. Ra7 Ke8 29. Nd1 Bc6 30. Ne3 Rd8+ 31. Kc5 Rd7 32. Rxd7 Kxd7
33. g3 h5 34. Nc2 f6 35. Nd4 Bd5 36. Nxb5 fxe5 37. fxe5 g5 38. Nd6 h4 39.
Nxc4 hxg3 40. hxg3 Ke7 41. b5 Kf7 42. b6 Ke7 43. Nd6 Kd7 44. c4 Ba8 45. b7
Bxb7 46. Nxb7 Kc7 47. Nd6 Kd7 48. Kb6 Ke7 49. c5 Kd7 50. c6+ Ke7 51. c7 g4
52. Kc6 Kf8 53. c8=Q+ Kg7 54. Qxe6 Kh7 55. Qf6 Kg8 56. Qe7 Kh8 57. Nf5 Kg8
58. Qg7# {Black checkmated} 1-0

[Event "ICC tourney 1934 (60 10)"]
[Site "Internet Chess Club"]
[Date "2020.07.25"]
[Round "2"]
[White "sushivishwa"]
[Black "happyscientist"]
[Result "0-1"]
[ICCResult "White resigns"]
[WhiteElo "1425"]
[BlackElo "1600"]
[Opening "Giuoco Piano"]
[ECO "C54"]
[NIC "IG.02"]
[Time "14:00:39"]
[TimeControl "3600+10"]

1. e4 e5 2. Nf3 Nc6 3. Bc4 Bc5 4. c3 Nf6 5. d4 exd4 6. e5 Qe7 7. O-O Nxe5 8.
Nxe5 Qxe5 9. Re1 Ne4 10. Nd2 d5 11. Nf3 Qf5 12. Bb5+ c6 13. Bd3 dxc3 14. Be3
Bxe3 15. Rxe3 cxb2 16. Rb1 O-O 17. Bxe4 dxe4 18. Nd2 Re8 19. Rxb2 Qd5 20.
Qe2 Qc5 21. Rbb3 Qc1+ 22. Nf1 f5 23. f3 Qc5 24. Kh1 Qe5 25. fxe4 fxe4 26. h3
Bf5 27. Rxb7 Rab8 28. Qc4+ Be6 29. Qxc6 Bd5 {White resigns} 0-1

[Event "ICC tourney 1934 (60 10)"]
[Site "Internet Chess Club"]
[Date "2020.07.25"]
[Round "2"]
[White "sillytiger"]
[Black "krishghosh"]
[Result "0-1"]
[ICCResult "White checkmated"]
[WhiteElo "1281"]
[BlackElo "1408"]
[Opening "English: Carls' Bremen system"]
[ECO "A22"]
[NIC "EO.10"]
[Time "14:00:58"]
[TimeControl "3600+10"]

1. c4 e5 2. Nc3 Nf6 3. g3 Bc5 4. Bg2 d6 5. Nf3 Nc6 6. d3 h6 7. O-O O-O 8.
Bd2 a6 9. a3 Nd4 10. b4 Nxf3+ 11. Bxf3 Ba7 12. a4 c6 13. Qb3 Rb8 14. b5 Be6
15. Qc2 Qd7 16. Rab1 Bc5 17. e3 Bg4 18. Bg2 Bh3 19. b6 Bxg2 20. Kxg2 d5 21.
Ne2 Rbd8 22. d4 exd4 23. exd4 dxc4 24. dxc5 Qxd2 25. Qxc4 Rfe8 26. Nc3 Rd4
27. Qb3 Rd3 28. Rfd1 Qxc3 29. Rxd3 Qxc5 30. Rc3 Qg5 31. Re3 Rd8 32. Rd1 Nd5
33. Red3 Nf4+ 34. Kf1 Nxd3 35. Rxd3 Rxd3 36. Qxd3 Qd5 37. Qe3 Qe6 38. Qf4
Qc8 39. Qc7 Qa8 40. a5 Kf8 41. Ke2 Ke8 42. Ke3 Kf8 43. Ke4 Kg8 44. Ke5 Qe8+
45. Kd6 Qe6+ 46. Kc5 Qd5+ 47. Kb4 Qb5+ 48. Kc3 Qxa5+ 49. Kd3 Qd5+ 50. Ke3
Qe6+ 51. Kf3 Qd5+ 52. Kg4 c5 53. Qc8+ Kh7 54. Qf5+ Qxf5+ 55. Kxf5 a5 56. Ke4
Kg6 57. Kd5 a4 58. Kc4 Kf6 59. f3 Ke6 60. h3 Kd6 61. Kc3 Kc6 62. f4 Kxb6 63.
f5 g5 64. f6 Kb5 65. h4 gxh4 66. gxh4 Kc6 67. h5 b5 68. Kb2 Kd6 69. Kc3 Ke6
70. Kd3 Kxf6 71. Kc3 Kg5 72. Kd3 f5 73. Kc3 a3 74. Kb3 f4 75. Kxa3 f3 76.
Kb3 f2 77. Kc3 f1=Q 78. Kb2 Qe2+ 79. Kc3 b4+ 80. Kb3 Qd1+ 81. Kc4 b3 82. Kb5
b2 83. Kc6 b1=Q 84. Kc7 c4 85. Kc6 c3 86. Kc5 c2 87. Kc4 c1=Q#
{White checkmated}
0-1

[Event "ICC tourney 1934 (60 10)"]
[Site "Internet Chess Club"]
[Date "2020.07.25"]
[Round "2"]
[White "DankMemer"]
[Black "chessKingT"]
[Result "1-0"]
[ICCResult "Black resigns"]
[WhiteElo "1574"]
[BlackElo "1413"]
[Opening "Queen's bishop game"]
[ECO "D00"]
[NIC "QP.08"]
[Time "14:01:31"]
[TimeControl "3600+10"]

1. d4 d5 2. Bf4 Nf6 3. Nf3 c5 4. c3 Nc6 5. Nbd2 cxd4 6. cxd4 Bf5 7. a3 e6 8.
e3 Bd6 9. Bxd6 Qxd6 10. Be2 h6 11. Qb3 O-O 12. O-O a6 13. h3 b5 14. Rfc1 Na5
15. Qb4 Qxb4 16. axb4 Nc4 17. g4 Bh7 18. Ra2 Ne4 19. Nb3 Rfc8 20. Rca1 Rc6
21. Nc5 Nxc5 22. dxc5 Bc2 23. Nd4 Rc7 24. Nxc2 Rca7 25. Nd4 Ne5 26. Nxb5 Rb7
27. Nd6 Rxb4 28. Rxa6 Rab8 29. c6 {Black resigns} 1-0

[Event "ICC tourney 1934 (60 10)"]
[Site "Internet Chess Club"]
[Date "2020.07.25"]
[Round "2"]
[White "Almanac2050"]
[Black "rachael1120"]
[Result "1-0"]
[ICCResult "Black checkmated"]
[WhiteElo "1618"]
[BlackElo "1428"]
[Opening "Sicilian: accelerated fianchetto, modern variation"]
[ECO "B34"]
[NIC "SI.33"]
[Time "14:00:36"]
[TimeControl "3600+10"]

1. e4 c5 2. Nf3 Nc6 3. d4 cxd4 4. Nxd4 g6 5. Nc3 Bg7 6. Be3 Nf6 7. f3 O-O 8.
Qd2 d5 9. Nxc6 bxc6 10. e5 Nd7 11. f4 f6 12. exf6 Nxf6 13. Be2 Bf5 14. O-O
Ng4 15. Bxg4 Bxg4 16. Bd4 Bh6 17. Qe3 Qc7 18. Qe5 Qxe5 19. fxe5 Bg7 20. Na4
Rab8 21. b3 Rb4 22. c3 Rb7 23. Nc5 Rb5 24. Rxf8+ Kxf8 25. Rf1+ Kg8 26. h3
Bc8 27. a4 Rb8 28. a5 Bf5 29. b4 Rf8 30. g4 Be4 31. Rxf8+ Kxf8 32. Ne6+ Kf7
33. Ng5+ Kg8 34. Nxe4 dxe4 35. Bxa7 Bxe5 36. Bd4 Bb8 37. a6 e5 38. a7 Bxa7
39. Bxa7 Kf7 40. Kf2 Ke6 41. c4 Kf6 42. Ke3 Kg5 43. b5 cxb5 44. cxb5 Kh4 45.
b6 Kxh3 46. b7 h5 47. gxh5 gxh5 48. b8=Q h4 49. Qxe5 Kg2 50. Qg5+ Kh3 51.
Kxe4 Kh2 52. Qxh4+ Kg2 53. Qf2+ Kh1 54. Qf3+ Kh2 55. Bb8+ Kg1 56. Bh2+ Kxh2
57. Qg4 Kh1 58. Kf3 Kh2 59. Qg2# {Black checkmated} 1-0

[Event "ICC tourney 1934 (60 10)"]
[Site "Internet Chess Club"]
[Date "2020.07.25"]
[Round "2"]
[White "peekaboopenguin"]
[Black "IndianTerritory"]
[Result "0-1"]
[ICCResult "White checkmated"]
[WhiteElo "1273"]
[BlackElo "1663"]
[Opening "Caro-Kann: exchange variation"]
[ECO "B13"]
[NIC "CK.02"]
[Time "14:00:46"]
[TimeControl "3600+10"]

1. e4 c6 2. d4 d5 3. exd5 cxd5 4. Bd3 Nf6 5. Bf4 Qb6 6. Nc3 Qxb2 7. Nb5 Na6
8. a3 Bg4 9. f3 Bd7 10. Rb1 Qa2 11. Ra1 Qb2 12. Rb1 Qa2 13. Ne2 Bxb5 14.
Bxb5+ Kd8 15. Qc1 Rc8 16. Bd3 e5 17. Bxe5 Bxa3 18. Ra1 Bxc1 19. Rxa2 Be3 20.
Bxa6 bxa6 21. Bf4 Re8 22. Be5 Nd7 23. Bg3 Bxd4 24. Kd1 Be3 25. Rxa6 Re6 26.
Ra5 Rb6 27. Ra1 Rb2 28. c3 Nc5 29. Nf4 Rd2+ 30. Ke1 g5 31. Rxa7 gxf4 32.
Bh4+ Ke8 33. Re7+ Kf8 34. h3 Nd3+ 35. Kf1 Rxc3 36. Rxe3 fxe3 37. Kg1 Rc1+
38. Kh2 Rxh1+ 39. Kxh1 Ne1 40. Bxe1 Rd1 41. Kh2 Rxe1 42. Kg3 Rg1 43. f4 e2
44. Kf2 e1=Q+ 45. Kf3 Qe4+ 46. Kf2 Rxg2+ 47. Kf1 Qe2# {White checkmated} 0-1

[Event "ICC tourney 1934 (60 10)"]
[Site "Internet Chess Club"]
[Date "2020.07.25"]
[Round "2"]
[White "fascimate"]
[Black "CoastalJourney"]
[Result "1-0"]
[ICCResult "Black resigns"]
[WhiteElo "1494"]
[BlackElo "1306"]
[Opening "Scandinavian: Marshall variation"]
[ECO "B01"]
[NIC "SD.03"]
[Time "14:01:25"]
[TimeControl "3600+10"]

1. e4 d5 2. exd5 Nf6 3. d4 Nxd5 4. Nf3 Bg4 5. h3 Bh5 6. Bc4 e6 7. Nbd2 Nc6
8. c3 Be7 9. Ne4 O-O 10. g4 Bg6 11. Bd3 Nf6 12. Qe2 Qd5 13. Nxf6+ Bxf6 14.
Bc4 Qd7 15. Bb5 a6 16. g5 Be7 17. Bd3 Rfe8 18. Bxg6 hxg6 19. h4 Bd6 20. h5
gxh5 21. Rxh5 g6 22. Rh6 Bf8 23. Rh4 Bg7 24. Bf4 Ne7 25. Be5 Nf5 26. Rh3 c5
27. Bxg7 Nxg7 28. O-O-O Qc7 29. Rdh1 Nh5 30. Ne5 Kg7 31. Qf3 cxd4 32. Rxh5
gxh5 33. Qf6+ Kg8 34. Rxh5 {Black resigns} 1-0

[Event "ICC tourney 1934 (60 10)"]
[Site "Internet Chess Club"]
[Date "2020.07.25"]
[Round "2"]
[White "chessKingR"]
[Black "lmperfectFocus"]
[Result "1-0"]
[ICCResult "Black resigns"]
[WhiteElo "1429"]
[BlackElo "1525"]
[Opening "QGD: Tarrasch defense"]
[ECO "D32"]
[NIC "TD.10"]
[Time "14:00:50"]
[TimeControl "3600+10"]

1. d4 d5 2. c4 e6 3. Nc3 c5 4. dxc5 d4 5. Ne4 Nf6 6. Nxf6+ Qxf6 7. Nf3 Bxc5
8. a3 e5 9. b4 Be7 10. Bb2 O-O 11. Qb3 Be6 12. e3 Nc6 13. b5 Na5 14. Qc2
Rad8 15. Bd3 Bg4 16. Bxh7+ Kh8 17. Be4 Bxf3 18. Bxf3 d3 19. Qc3 d2+ 20. Ke2
e4 21. Bxe4 Nxc4 22. Qxf6 Bxf6 23. Bxf6 gxf6 24. Ra2 Rd7 25. Bd3 Rfd8 26.
Bc2 Ne5 27. Rd1 Nc4 28. a4 Kg7 29. a5 b6 30. axb6 axb6 31. Bb3 Na5 32. Rb2
Rd3 33. Ba2 Nb7 34. Rbxd2 Ra3 35. Rxd8 Nxd8 36. Rxd8 Rxa2+ 37. Kf3 Rb2 38.
Rd5 Kf8 39. h4 Ke7 40. h5 Ke6 41. e4 Rb3+ 42. Kf4 Rb2 43. Kg3 Rb1 44. Kh2
Rc1 45. h6 Rc8 46. h7 Rf8 47. Rh5 Rh8 48. Kg3 Ke7 49. Kf4 Kf8 50. Kf5 Kg7
51. g4 {Black resigns} 1-0

[Event "ICC tourney 1934 (60 10)"]
[Site "Internet Chess Club"]
[Date "2020.07.25"]
[Round "2"]
[White "HAPPYKING99"]
[Black "prnavneet"]
[Result "0-1"]
[ICCResult "White resigns"]
[WhiteElo "1239"]
[BlackElo "1427"]
[Opening "Sicilian"]
[ECO "B56"]
[NIC "SI.25"]
[Time "14:01:00"]
[TimeControl "3600+10"]

1. e4 c5 2. Nf3 Nc6 3. d4 cxd4 4. Nxd4 Nf6 5. Nc3 d6 6. f3 e5 7. Nb3 Be6 8.
Be3 Be7 9. Qd2 O-O 10. O-O-O a6 11. g4 b5 12. h4 b4 13. Nd5 Bxd5 14. exd5
Na5 15. Qxb4 Nxb3+ 16. cxb3 Qd7 17. Kb1 a5 18. Qd2 a4 19. b4 a3 20. b3 Rfb8
21. h5 h6 22. Bh3 Qe8 23. Bg2 Nh7 24. f4 exf4 25. Bxf4 Ng5 26. Rde1 Qd7 27.
Qe2 Bf6 28. Bd2 Qa7 29. Be3 Bd4 30. Qd2 Bxe3 31. Rxe3 Qd7 32. Bh3 Nxh3 33.
Rhxh3 Qxg4 34. Reg3 Qf5+ 35. Rd3 Qf1+ 36. Kc2 Rc8+ 37. Rc3 Qf5+ 38. Qd3
Rxc3+ 39. Kxc3 Rc8+ 40. Kd2 Qf2+ 41. Kd1 Qxa2 42. Qd2 Qb1+ 43. Ke2 Rc2
{White resigns}
0-1

[Event "ICC tourney 1934 (60 10)"]
[Site "Internet Chess Club"]
[Date "2020.07.25"]
[Round "2"]
[White "goodcrowdchess"]
[Black "Sanyi9Pakh"]
[Result "1-0"]
[ICCResult "Black forfeits on time"]
[WhiteElo "1453"]
[BlackElo "1478"]
[Opening "Scandinavian gambit"]
[ECO "B01"]
[NIC "SD.03"]
[Time "14:01:16"]
[TimeControl "3600+10"]

1. e4 d5 2. exd5 Nf6 3. c4 c6 4. dxc6 Nxc6 5. Nf3 e5 6. d3 Bg4 7. Be2 Bb4+
8. Bd2 Qb6 9. Nc3 O-O 10. O-O Rad8 11. Qc2 Bxf3 12. Bxf3 Nd4 13. Qd1 Nxf3+
14. Qxf3 Qc6 15. Qe2 Rd7 16. a3 Bxc3 17. Bxc3 Rfd8 18. Rad1 e4 19. dxe4 Nxe4
20. Rxd7 Rxd7 21. f3 Nd6 22. Qe5 f6 23. Qe6+ Kf8 24. Rd1 Qb6+ 25. Kh1 Ne4
26. Bb4+ Qxb4 27. Qxd7 Nf2+ 28. Kg1 Qxb2 29. Qc8+ Kf7 30. Qc7+ Ke6 31. Re1+
Kf5 32. Qc5+ Kg6 33. Qxf2 Qxa3 34. Qg3+ Kf7 35. Qc7+ Kg6 36. Qxb7 Qc5+ 37.
Kh1 a5 38. Qe4+ Kh5 39. Qd5+ {Black forfeits on time} 1-0

[Event "ICC tourney 1934 (60 10)"]
[Site "Internet Chess Club"]
[Date "2020.07.25"]
[Round "2"]
[White "keb2020"]
[Black "rpughiii"]
[Result "0-1"]
[ICCResult "White checkmated"]
[WhiteElo "1454"]
[BlackElo "1324"]
[Opening "Van't Kruijs opening"]
[ECO "A00"]
[Time "14:00:43"]
[TimeControl "3600+10"]

1. e3 d5 2. d4 Nf6 3. c4 e6 4. Nf3 Be7 5. Nc3 O-O 6. Bd3 dxc4 7. Bxc4 b6 8.
O-O Bb7 9. Re1 c5 10. b3 Nbd7 11. Bb2 Rc8 12. d5 exd5 13. Nxd5 Nxd5 14. Bxd5
Bxd5 15. Qxd5 Nf6 16. Qg5 Qd3 17. Rad1 Qg6 18. Qe5 Rfe8 19. h3 Ne4 20. Qf5
Qxf5 21. Rc1 Bf6 22. Bxf6 Qxf6 23. Kh2 Nxf2 24. Rf1 Qd6+ 25. Kg1 Ne4 26.
Rcd1 Qe7 27. Nd2 Nxd2 28. Rxd2 Qxe3+ 29. Rdf2 Rcd8 30. Kh1 f6 31. Kh2 Rd2
32. Rxd2 Qxd2 33. b4 Qxb4 34. a3 Qxa3 35. h4 Re2 36. h5 Qa2 37. h6 Rxg2+ 38.
Kh3 Rh2+ 39. Kg4 Qg2+ 40. Kf5 Rh5+ 41. Ke6 Qd5+ 42. Ke7 Re5# {White
checkmated} 0-1